 Dungeon Crawl Stone Soup version 0.23-a0-550-g7de1f8e (webtiles) character file.

8547 GroovyGamera the Cleaver (level 11, -3/72 HPs)
             Began as a Gargoyle Fighter on Dec 8, 2018.
             Was a Priest of Makhleb.
             Splashed by Sonja's acid (12 damage)
             ... on level 10 of the Dungeon.
             The game lasted 00:30:19 (9518 turns).

GroovyGamera the Cleaver (Gargoyle Fighter)         Turns: 9518, Time: 00:30:20

Health: -3/72      AC: 25    Str: 21    XL:     11   Next: 32%
Magic:  14/14      EV:  4    Int: 15    God:    Makhleb [***...]
Gold:   566        SH:  9    Dex:  9    Spells: 10/10 levels left

rFire    . . .     SeeInvis .   L - +1 broad axe (drain)
rCold    . . .     Gourm    .   c - +0 shield
rNeg     + . .     Faith    .   r - +0 plate armour
rPois    ∞         Spirit   .   w - +1 helmet
rElec    +         Reflect  .   B - +2 cloak
rCorr    .         Harm     .   K - +0 pair of gloves
MR       .....                  C - +2 pair of boots
Stlth    ..........             (no amulet)
HPRegen  0.22/turn              G - +4 ring of intelligence
MPRegen  0.14/turn              (no ring)

@: about to teleport, corroded
A: negative energy resistance 1, electricity resistance, unbreathing,
petrification resistance, rot immunity, AC +8
a: Minor Destruction, Lesser Servant of Makhleb, Renounce Religion


You were on level 10 of the Dungeon.
You worshipped Makhleb.
Makhleb was most pleased with you.
You were not hungry.

You visited 2 branches of the dungeon, and saw 11 of its levels.
You also visited: Ossuary and Bailey.

You collected 624 gold pieces.
You spent 58 gold pieces at shops.

Inventory:

Hand Weapons
 b - a +0 hand crossbow
 x - a +0 blowgun
 I - a +4 halberd
 L - a +1 broad axe of draining (weapon)
 M - the +11 rapier of Evolution {venom, rElec rPois Str+3 Dex-3}
   (You found it on level 9 of the Dungeon)

   It poisons the flesh of those it strikes.
   It affects your strength (+3).
   It affects your dexterity (-3).
   It insulates you from electricity.
   It protects you from poison.
Missiles
 o - 35 bolts
 p - 8 needles of sleeping
 u - 30 poisoned needles
 v - 7 javelins (quivered)
Armour
 c - a +0 shield (worn)
 e - a +0 buckler
 r - a +0 plate armour (worn)
 w - a +1 helmet (worn)
 y - a +0 pair of gloves
 B - a +2 cloak (worn)
 C - a +2 pair of boots (worn)
 E - a scarf of cloud immunity
 K - a +0 pair of gloves (worn)
Jewellery
 G - a +4 ring of intelligence (left hand)
Wands
 d - a wand of flame (52)
 A - a wand of acid (7)
 F - a wand of iceblast (32)
Scrolls
 a - a scroll of identify
 g - a scroll of random uselessness {unknown}
 h - 3 scrolls of remove curse
 j - 2 scrolls of enchant armour
 k - 2 scrolls of fear {unknown}
 l - a scroll of magic mapping
 m - a scroll of enchant weapon {unknown}
 n - a scroll of teleportation
 s - a scroll of blinking {unknown}
 t - a scroll of amnesia {unknown}
 D - a scroll of vulnerability {unknown}
 J - 2 scrolls of immolation {unknown}
Potions
 i - 3 potions of brilliance
 q - 2 potions of agility
 z - 5 potions of haste
 H - 2 potions of curing
 N - a potion of heal wounds {unknown}
 P - a potion of flight
Comestibles
 f - 13 rations
 O - 3 chunks of flesh


   Skills:
 + Level 9.7 Fighting
 * Level 10.9 Axes
 + Level 9.7 Armour
 - Level 4.2 Shields
 - Level 4.1 Invocations


You had 10 spell levels left.
You didn't know any spells.
Your spell library contained the following spells:

 Spells                   Type           Power        Failure   Level  Hunger
 Corona                   Hex            #......      100%        1    ##.....
 Flame Tongue             Conj/Fire      #....        100%        1    ##.....
 Freeze                   Ice            #...         100%        1    ##.....
 Summon Small Mammal      Summ           #...         100%        1    ##.....
 Call Imp                 Summ           #.......     100%        2    ###....
 Slow                     Hex            #.......     100%        2    ###....
 Throw Flame              Conj/Fire      #.....       100%        2    ###....
 Throw Frost              Conj/Ice       #.....       100%        2    ###....
 Call Canine Familiar     Summ           #.......     100%        3    ####...
 Conjure Flame            Conj/Fire      #.......     100%        3    ####...
 Inner Flame              Hex/Fire       #.......     100%        3    ####...
 Ozocubu's Armour         Chrm/Ice       #.......     100%        3    ####...
 Portal Projectile        Hex/Tloc       #.....       100%        3    ####...
 Summon Guardian Golem    Hex/Summ       #.......     100%        3    ####...
 Cause Fear               Hex            #.........   100%        4    #####..
 Leda's Liquefaction      Hex/Erth       #.........   100%        4    #####..
 Sticky Flame             Conj/Fire      #.......     100%        4    #####..
 Summon Ice Beast         Ice/Summ       #.......     100%        4    #####..
 Summon Lightning Spire   Summ/Air       #.......     100%        4    #####..
 Throw Icicle             Conj/Ice       #.......     100%        4    #####..
 Fireball                 Conj/Fire      #.........   100%        5    ######.
 Irradiate                Conj/Tmut      #.........   100%        5    ######.
 Hydra Form               Tmut           #.........   100%        6    #######
 Dragon Form              Tmut           #.........   100%        7    #######
 Statue Form              Tmut/Erth      Unusable     N/A         6    N/A

Dungeon Overview and Level Annotations

Branches:
Dungeon (10/15)            Temple (1/1) D:4
   Lair: D:8-11         Orc: D:9-12

Altars:
Ashenzari
Cheibriados
Dithmenos
Elyvilon
Fedhas
Gozag
Hepliaklqana
Kikubaaqudgha
Makhleb
Nemelex Xobeh
Okawaru
Qazlal
Ru
Sif Muna
Trog
Uskayaw
Vehumet
Wu Jian
Xom
Yredelemnul
Zin
The Shining One

Shops:
D:6 *   D:7 *

Annotations:
D:4 Grinder
D:8 1 runed door, Greg's ghost, novice SpAs
D:9 3 runed doors, Mango's ghost, journeyman FoFi
D:10 Sonja


Innate Abilities, Weirdness & Mutations

You are resistant to torment.
Your stone body is resilient. (AC +8)
You are immune to poison.
You resist negative energy. (rN+)
You are resistant to electric shocks. (rElec)
You can survive without breathing.
You are immune to petrification.
You are immune to rotting.


Message History

You are too injured to fight recklessly!
You feel better.
Sonja shoots a curare-tipped needle.
The curare-tipped needle hits you.
The shadow imp hits you but does no damage.
Sonja zaps a wand.
The bolt of acid misses you.
As you read the scroll of teleportation, it crumbles to dust.
You feel strangely unstable.
Sonja shoots a curare-tipped needle.
The curare-tipped needle hits you. The shadow imp gestures at you.
Pain shoots through your body!
You hit the shadow imp but do no damage.
The shadow imp is moderately wounded.
Sonja gestures wildly while chanting.
Sonja blinks!
The shadow imp barely misses you.
You hit the shadow imp.
The shadow imp is severely wounded.
The shadow imp hits you.
Sonja zaps a wand.
The bolt of acid hits you!
* * * LOW HITPOINT WARNING * * *
The acid corrodes you!
You are splashed with acid!
The acid burns!
You die...

#....# #.. #....# ##..
#....# ..... #....#
..... #...÷#### ......
#........
......##########........
.....§5.................
.......@................
..)..........#######....
.....[.......#.....#....
............(#.....#....
.!........K..#.....'....
.............#.....#....
########.....#.....##...
#.....#......#...
#.....#......#...


You could see Sonja and a shadow imp.

Vanquished Creatures
  Harold (D:9)
  Nergalle (D:10)
  Pikel (D:9)
  A gargoyle (D:10)
  A troll (D:10)
  Prince Ribbit (D:8)
  A shadow (D:9)
  Sigmund (D:2)
  13 yaks
  A hungry ghost (D:8)
  A soldier ant (D:10)
  2 orc warriors
  3 slaves (D:9)
  A phantom (D:7)
  2 sky beasts
  An ice beast (D:7)
  6 ogres
  Blork the orc (D:4)
  An elf zombie (Ossuary)
  2 bullfrogs
  A wyvern skeleton (D:6)
  4 scorpions
  10 killer bees (D:8)
  5 wights (D:7)
  3 howler monkeys (D:8)
  5 centaur zombies
  A crimson imp (D:9)
  A bullfrog zombie (D:5)
  A quasit (D:7)
  4 hounds
  4 orc priests
  6 orc wizards
  A centaur skeleton (D:8)
  Terence (D:2)
  Jessica (D:2)
  2 iguanas (D:9)
  2 worker ants
  2 big kobold zombies (Ossuary)
  A hound zombie (D:7)
  2 mummies (Ossuary)
  Robin (D:3)
  7 gnolls
  7 adders
  2 shadow imps
  3 oozes
  2 adder zombies (Ossuary)
  An adder skeleton (D:10)
  5 worms
  A dart slug (D:1)
  4 leopard geckos
  18 orcs
  7 bats
  3 giant cockroaches
  12 goblins
  8 hobgoblins
  3 jackals (D:1)
  3 quokkas
  4 frilled lizards
  A giant cockroach zombie (D:6)
  2 goblin zombies (Ossuary)
  7 hobgoblin zombies (Ossuary)
  A jackal zombie (Ossuary)
  8 kobolds
  13 kobold zombies (Ossuary)
  3 leopard gecko skeletons
  6 orc zombies (Ossuary)
  A quokka skeleton (D:8)
  4 rats
236 creatures vanquished.

Vanquished Creatures (collateral kills)
  A steam dragon (D:9)
1 creature vanquished.

Grand Total: 237 creatures vanquished

Notes
Turn   | Place    | Note
-------+----------+-------------------------------------------
     0 | D:1      | GroovyGamera the Gargoyle Fighter began the quest for the
                  | Orb.
     0 | D:1      | Reached XP level 1. HP: 14/14 MP: 1/1
   265 | D:1      | Reached skill level 2 in Axes
   266 | D:1      | Reached XP level 2. HP: 16/19 MP: 2/2
   950 | D:2      | Reached XP level 3. HP: 21/23 MP: 3/3
   988 | D:2      | Noticed Jessica
  1003 | D:2      | Killed Jessica
  1003 | D:2      | Reached XP level 4. HP: 22/29 MP: 4/4
  1028 | D:2      | Found an ancient bone altar of Kikubaaqudgha.
  1060 | D:2      | Noticed Terence
  1067 | D:2      | Killed Terence
  1067 | D:2      | Reached skill level 3 in Axes
  1241 | D:2      | Noticed Sigmund
  1249 | D:2      | HP: 1/29 [something/magic dart (4)]
  1250 | D:2      | Killed Sigmund
  1250 | D:2      | Reached XP level 5. HP: 1/34 MP: 5/5
  1250 | D:2      | Reached XP level 6. HP: 1/39 MP: 6/6
  1580 | D:2      | Reached skill level 4 in Axes
  1984 | D:3      | Found a radiant altar of Vehumet.
  1987 | D:3      | Found a deep blue altar of Sif Muna.
  1990 | D:3      | Found an iron altar of Okawaru.
  2118 | D:3      | Found a shimmering altar of Xom.
  2483 | D:3      | Noticed Robin
  2496 | D:3      | Killed Robin
  2804 | D:4      | Reached XP level 7. HP: 43/44 MP: 7/7
  2880 | D:4      | Reached skill level 5 in Fighting
  2880 | D:4      | Reached skill level 5 in Armour
  3224 | D:4      | Found a staircase to the Ecumenical Temple.
  3229 | Temple   | Entered the Ecumenical Temple
  3295 | D:4      | Reached skill level 5 in Axes
  3457 | D:4      | Noticed Grinder
  3464 | D:4      | Paralysed by Grinder for 6 turns
  3494 | D:4      | Paralysed by Grinder for 2 turns
  3959 | D:4      | Noticed Blork the orc
  3975 | D:4      | Killed Blork the orc
  4193 | D:5      | Entered Level 5 of the Dungeon
  4210 | D:5      | Reached XP level 8. HP: 50/50 MP: 8/8
  4328 | D:5      | Reached skill level 6 in Axes
  4465 | D:5      | Found a shadowy altar of Dithmenos.
  4494 | D:5      | Found a snail-covered altar of Cheibriados.
  4584 | D:5      | Found a shattered altar of Ashenzari.
  4660 | D:5      | Found a blossoming altar of Fedhas.
  4798 | D:5      | Found a burning altar of Makhleb.
  4822 | D:5      | Became a worshipper of Makhleb the Destroyer
  5117 | D:6      | Found a sand-covered staircase.
  5125 | Ossuary  | Entered an ossuary
  5228 | Ossuary  | Reached * piety under Makhleb
  5536 | D:6      | Found Woybrunai's General Store.
  5541 | D:6      | Bought a +0 pair of gloves for 58 gold pieces
  5563 | D:6      | Reached skill level 7 in Axes
  5791 | D:6      | Reached skill level 1 in Invocations
  5791 | D:6      | Reached XP level 9. HP: 50/56 MP: 9/9
  6373 | D:7      | Found Wapa's General Store.
  6407 | D:7      | Found a flagged portal.
  6416 | Bailey   | Entered a bailey
  6960 | D:7      | Reached ** piety under Makhleb
  7044 | D:8      | Noticed a two-headed ogre
  7148 | D:8      | Noticed Prince Ribbit
  7164 | D:8      | Reached skill level 8 in Axes
  7173 | D:8      | Killed Prince Ribbit
  7372 | D:8      | Reached XP level 10. HP: 36/64 MP: 12/12
  7453 | D:8      | Noticed Greg's ghost (novice SpAs)
  7456 | D:8      | Found a runed door.
  7534 | D:8      | Noticed a lindwurm
  7575 | D:8      | Noticed a lindwurm
  7602 | D:8      | Noticed a lindwurm
  7749 | D:8      | Noticed a lindwurm
  7920 | D:8      | Reached skill level 9 in Axes
  8352 | D:9      | Reached *** piety under Makhleb
  8571 | D:9      | Noticed Pikel
  8589 | D:9      | Killed Pikel
  8666 | D:9      | Reached skill level 10 in Axes
  8710 | D:9      | Found a runed gate.
  8710 | D:9      | Found a runed gate.
  8710 | D:9      | Found a runed gate.
  8710 | D:9      | Noticed Mango's ghost (journeyman FoFi)
  8713 | D:9      | Noticed a centaur warrior
  8821 | D:9      | Noticed Harold
  8829 | D:9      | Killed Harold
  8998 | D:9      | Got a crude rapier
  8999 | D:9      | Identified the +11 rapier of Evolution {venom, rElec rPois
                  | Str+3 Dex-3} (You found it on level 9 of the Dungeon)
  9125 | D:10     | Entered Level 10 of the Dungeon
  9173 | D:10     | Reached XP level 11. HP: 63/71 MP: 14/14
  9382 | D:10     | Noticed Nergalle
  9405 | D:10     | Killed Nergalle
  9503 | D:10     | Noticed Sonja
  9518 | D:10     | Splashed by Sonja's acid

Vault maps used:
D:1:      wander_arrival_lonely_grave
D:2:      lemuel_round_altar, uniq_sigmund, uniq_jessica, uniq_terence
D:3:      old_standard_altar, grunt_temple_overflow_diamond, first_ration,
          uniq_robin
D:4:      minmay_temple_entry_wispy, minmay_fractal_squares_gapless_5,
          uniq_blork_the_orc, uniq_grinder, uniq_crazy_yiuf_cottage
D:5:      makhleb_heckhound_becter, nicolae_overflow_quartered_altars
D:6:      serial_shops, shop, nicolae_ossuary_entry_ruins
D:7:      enter_bailey_6, serial_shops, shop
D:8:      hellmonk_ghost_happy_afterlife, minmay_lindwurm_lava,
          uniq_prince_ribbit1
D:9:      gammafunk_ghost_split, uniq_harold, uniq_pikel
D:10:     david_lair_shrubbed, uniq_sonja, uniq_nergalle
Temple:   nicolae_temple_x_marks_the_god
Ossuary:  ossuary_tomb_1
Bailey:   bailey_polearm_flooded_kennysheep, bailey

Skill      XL: |  1  2  3  4  5  6  7  8  9 10 |
---------------+-------------------------------+-----
Axes           | 2 3 4 5 7 8 10 | 10.9
Armour         | 4 5 6 7 9 |  9.7
Fighting       | 4 5 6 7 9 |  9.7
Shields        | 4 |  4.2
Invocations    | 1 3 4 |  4.1

Action                   |  1- 3 |  4- 6 |  7- 9 | 10-12 || total
-------------------------+-------+-------+-------+-------++-------
Melee: War axe           |    72 |   162 |   543 |   117 ||   894
       Broad axe         |       |       |       |   149 ||   149
       Rapier            |       |       |       |    24 ||    24
 Fire: Blowgun           |       |       |     5 |       ||     5
       Hand crossbow     |       |       |     5 |    20 ||    25
Throw: Javelin           |       |       |    15 |     3 ||    18
Invok: Lesser Servant of |       |       |       |     3 ||     3
  Use: Potion            |       |     1 |     6 |     1 ||     8
       Scroll            |       |     4 |     7 |     1 ||    12
  Eat: Chunk             |       |     6 |    12 |    10 ||    28
       Ration            |       |       |     2 |       ||     2
Armor: Scale mail        |    35 |    71 |   148 |       ||   254
       Chain mail        |       |       |   165 |       ||   165
       Plate armour      |       |       |   164 |   247 ||   411
Dodge: Dodged            |    30 |    63 |   215 |    58 ||   366
Block: Shield            |    28 |       |   284 |   120 ||   432
       Buckler           |     3 |    48 |    16 |       ||    67

Table legend:
 A = Non-vault XP
 B = Vault XP
 C = Vault XP percentage of total XP
 D = Non-vault monster count
 E = Vault monster count
 F = Vault count percentage of total count
                 A         B        C        D         E       F
            +---------+---------+-------+---------+---------+-------
      Total |    8908 |    3302 |  27.0 |     173 |      61 |  26.1
            +---------+---------+-------+---------+---------+-------
        D:1 |      24 |       0 |   0.0 |      13 |       0 |   0.0
        D:2 |     116 |     287 |  71.2 |      18 |       3 |  14.3
        D:3 |      94 |      36 |  27.7 |      25 |      12 |  32.4
        D:4 |     535 |     100 |  15.7 |      13 |       1 |   7.1
        D:5 |     564 |      45 |   7.4 |      17 |       1 |   5.6
        D:6 |     299 |       0 |   0.0 |       7 |       0 |   0.0
        D:7 |     935 |       0 |   0.0 |      17 |       0 |   0.0
        D:8 |    2352 |     259 |   9.9 |      31 |       1 |   3.1
        D:9 |    1664 |    1426 |  46.1 |      19 |       2 |   9.5
       D:10 |    2325 |     785 |  25.2 |      13 |       1 |   7.1
    Ossuary |       0 |     361 | 100.0 |       0 |      39 | 100.0
     Bailey |       0 |       3 | 100.0 |       0 |       1 | 100.0
            +---------+---------+-------+---------+---------+-------
